Map: New Gettysburg LE

Players

skz - Winner!

  • Race: Terran Terran
  • League: Diamond
  • Spawn Location: 5:00

Fropez

  • Race: Protoss Protoss
  • League: Gold
  • Spawn Location: 7:00

VOD

Have the link to the VOD?

Description

Time

  • Played on: Oct. 26, 2016, 5:12 p.m.
  • Length: 12:18
Show
View Real Time Build Order
Export as new Build Order

skz Terran - Winner!

Build Orders: MMM Bio 

Get SALT Encoding   

  12  0:05  SCV  
  13  0:17  SCV  
  14  0:24  Supply Depot  
  14  0:29  SCV  
  15  0:45  SCV  
  15  0:47  Barracks  
  16  0:53  Refinery  
  16  0:57  SCV  
  17  1:04  Barracks  
  17  1:09  SCV  
  18  1:21  SCV  
  19  1:34  SCV  
  19  1:37  Marine, Supply Depot  
  21  1:43  Refinery  
  21  1:51  SCV  
  21  1:53  Marine  
  23  2:01  Factory  
  23  2:11  Orbital Command  
  23  2:15  Barracks Tech Lab  
  23  2:16  Barracks Tech Lab  
  23  2:22  Barracks Reactor  
  23  2:39  Stimpack  
  23  2:42  SCV  
  24  2:52  Marine  
  25  2:58  Starport  
  25  3:03  Marine x2  
  27  3:10  Marine  
  28  3:15  Supply Depot  
  28  3:21  Marine x2  
  28  3:23  Factory Reactor  
  30  3:28  Marine  
  31  3:38  Command Center  
  31  3:43  Marine x2  
  33  3:49  Marine  
  33  4:00  Marine  
  33  4:01  Marine  
  35  4:09  Supply Depot  
  35  4:10  Medivac x2  
  39  4:26  SCV  
  39  4:30  Marine x2  
  41  4:37  Marine  
  42  4:39  SCV  
  42  4:44  Widow Mine  
  45  4:48  Marine  
  45  4:49  Engineering Bay x2  
  45  5:08  Marine x2  
  45  5:14  Marine  
  48  5:23  Supply Depot  
  48  5:25  Supply Depot  
  48  5:26  Orbital Command  
  47  5:44  Liberator  
  38  6:00  Marine x3  
  39  6:09  Widow Mine  
  41  6:15  Terran Infantry Weapons Level 1  
  41  6:18  Marine x3  
  42  6:19  Terran Infantry Armor Level 1  
  42  6:22  Combat Shields  
  44  6:28  SCV  
  45  6:33  SCV  
  45  6:38  Barracks  
  45  6:39  Marine x2  
  48  6:51  SCV  
  49  6:56  Medivac  
  49  6:59  Barracks  
  49  7:01  Marine x2  
  51  7:03  SCV  
  54  7:15  SCV  
  55  7:22  Marine  
  54  7:23  Marine x2  
  54  7:25  SCV  
  54  7:27  SCV  
  59  7:37  SCV  
  59  7:38  Barracks Reactor  
  59  7:39  SCV  
  59  7:40  Marine x2  
  63  7:52  SCV  
  63  7:53  Widow Mine  
  63  7:54  Barracks Reactor  
  66  8:04  Supply Depot  
  66  8:05  Supply Depot  
  66  8:09  Supply Depot x2  
  66  8:17  Marine x2  
  63  8:36  Marine x7  
  68  8:44  Medivac x2  
  72  8:53  Marine, SCV  
  72  8:55  Armory  
  74  8:56  Marine  
  74  8:57  Marine x4  
  74  9:00  Factory Reactor  
  74  9:01  Barracks  
  79  9:03  Barracks  
  79  9:05  SCV  
  80  9:16  Marine x3  
  80  9:17  Marine  
  70  9:52  Marine  
  70  9:53  Marine x3  
  74  10:03  Barracks Reactor  
  74  10:04  Barracks Reactor  
  74  10:11  SCV  
  75  10:23  SCV  
  75  10:24  Command Center  
  76  10:35  SCV  
  76  10:40  Marine  
  76  10:41  Marine x10  
  79  10:58  Marine x4  
  79  11:00  Medivac x2  
  77  11:36  Marine x7  
  77  11:37  Marine x4  
  88  11:41  Widow Mine, Medivac x2  
  88  11:42  Widow Mine  
  88  11:43  Orbital Command  
  96  11:54  Marine x5  
Show
View Real Time Build Order
Export as new Build Order

Fropez Protoss 

Build Orders:  

Get SALT Encoding   

  12  0:01  Probe (Chrono Boost)  
  13  0:11  Probe (Chrono Boost)  
  14  0:18  Pylon  
  14  0:24  Probe (Chrono Boost)  
  15  0:35  Assimilator  
  15  0:36  Probe (Chrono Boost)  
  16  0:47  Gateway  
  16  0:48  Probe (Chrono Boost)  
  17  0:59  Probe (Chrono Boost)  
  18  1:10  Probe (Chrono Boost)  
  19  1:23  Probe (Chrono Boost)  
  20  1:25  Assimilator  
  20  1:31  Gateway  
  20  1:33  Probe (Chrono Boost)  
  20  1:36  Gateway  
  21  1:44  Probe (Chrono Boost)  
  21  1:46  Cybernetics Core  
  22  1:54  Probe (Chrono Boost)  
  23  2:07  Probe (Chrono Boost)  
  23  2:18  Pylon  
  23  2:22  Pylon  
  23  2:36  Stalker  
  27  2:37  Pylon, Mothership Core (Chrono Boost)  
  27  2:40  Pylon  
  27  2:42  Stalker  
  29  2:52  Stalker  
  29  2:56  Warp Gate (Chrono Boost)  
  32  2:58  Probe (Chrono Boost)  
  32  3:15  Probe (Chrono Boost)  
  33  3:20  Stalker  
  33  3:21  Stalker  
  33  3:25  Probe (Chrono Boost)  
  38  3:31  Stalker  
  40  3:40  Probe (Chrono Boost)  
  41  3:56  Probe (Chrono Boost)  
  41  4:01  Nexus  
  42  4:06  Probe (Chrono Boost)  
  43  4:18  Stalker  
  43  4:19  Twilight Council  
  45  4:32  Probe  
  46  4:41  Robotics Facility  
  46  4:44  Probe  
  47  4:56  Probe  
  44  5:03  Resonating Glaives (Chrono Boost)  
  42  5:09  Probe  
  43  5:17  Probe  
  43  5:19  Gateway  
  43  5:21  Adept x3  
  50  5:29  Gateway  
  39  6:00  Probe  
  39  6:01  Probe  
  39  6:05  Assimilator  
  39  6:07  Assimilator  
  39  6:10  Probe  
  39  6:15  Gateway  
  39  6:17  Pylon  
  40  6:22  Pylon  
  40  6:26  Observer  
  40  6:28  Pylon  
  41  6:50  Probe x2  
  43  6:54  Immortal  
  43  6:59  Blink (Chrono Boost)  
  47  7:03  Probe  
  48  7:12  Adept x4  
  48  7:13  Adept  
  58  7:31  Stalker  
  60  7:43  Adept x4  
  66  7:44  Adept  
  67  7:53  Probe  
  67  7:54  Probe  
  69  8:04  Probe  
  70  8:06  Observer  
  71  8:18  Adept x2  
  71  8:19  Adept  
  74  8:32  Stalker x3  
  73  8:47  Pylon  
  73  8:50  Pylon  
  73  8:55  Probe  
  74  9:10  Probe, Forge  
  74  9:11  Probe  
  44  9:49  Stalker  
  44  9:50  Stalker x2  
  50  9:52  Stalker  
  50  9:53  Stalker x2  
  50  9:56  Gateway  
  56  10:00  Probe  
  56  10:01  Probe  
  56  10:02  Pylon  
  58  10:08  Assimilator  
  58  10:11  Warp Prism  
  60  10:16  Protoss Ground Weapons Level 1 (Chrono Boost)  
  60  10:26  Stalker  
  58  10:43  Adept x3  
  50  11:00  Stalker x2  
  52  11:09  Probe  
  52  11:10  Probe  
  38  11:36  Stalker x2  
  42  11:44  Pylon  
  42  11:47  Pylon  
  42  11:52  Pylon  
  42  12:08  Adept x3  
  42  12:09  Adept x2  
Tags
 
Composition
MMM Bio
Matchup
PvT
Replay Pack
All Mines
Spawn Locations
Close Positions
Add a new tag
Caveats
  • Supply blocks, unpowered buildings, or Contaminate may cause inaccurate times.
  • Supply counts are checked every 10 seconds.